 Dungeon Crawl Stone Soup version 0.32-a0-938-g40ac7a0f4d (webtiles) character file.

Game seed: 1122644745981196454

66 javelincjr the Trooper (level 3, -2/34 HPs)
             Began as a Minotaur Berserker on Apr 15, 2024.
             Was a Believer of Trog.
             Slain by a hobgoblin (4 damage)
             ... on level 3 of the Dungeon.
             The game lasted 00:02:33 (1547 turns).

javelincjr the Trooper (Minotaur Berserker)         Turns: 1547, Time: 00:02:34

Health: -2/34      AC:  2    Str: 23    XL:     3   Next: 96%
Magic:  2/2        EV: 11    Int:  4    God:    Trog [**....]
Gold:   44         SH:  0    Dex:  9    Spells: 2/2 levels left

rFire   . . .        a - +0 hand axe
rCold   . . .        (no shield)
rNeg    . . .        b - +0 animal skin
rPois   .            (helmet restricted)
rElec   .            (no cloak)
rCorr   .            (no gloves)
SInv    .            (no boots)
Will    ++...        (no amulet)
Stlth   +            (no ring)
HPRegen 1.25/turn    (no ring)
MPRegen 0.08/turn

%: no passive effects
@: strong-willed, regenerating
A: horns 2, retaliatory headbutt
a: Renounce Religion, Berserk, Trog's Hand


You were on level 3 of the Dungeon.
You worshipped Trog.
Trog was pleased with you.
You visited 1 branch of the dungeon, and saw 3 of its levels.

You collected 44 gold pieces.

Inventory:

Hand Weapons
 a - a +0 hand axe (weapon)
 c - a +2 dagger of holy wrath
 n - a +1 long sword of flaming
Missiles
 h - 22 stones (quivered)
 k - 6 atropa-tipped darts
 r - 6 poisoned darts
Armour
 b - a +0 animal skin (worn)
Scrolls
 d - a scroll of fog {unknown}
 e - 3 scrolls of identify {unknown}
 i - a scroll of amnesia {unknown}
 l - a scroll of fear {unknown}
 q - a scroll of vulnerability {unknown}
 s - a scroll of enchant armour {unknown}
Potions
 f - 2 potions of curing {unknown}
 g - a potion of magic {unknown}
 j - a potion of resistance {unknown}
 m - 2 potions of mutation {unknown}
 o - a potion of degeneration {unknown}
 p - a potion of brilliance {unknown}


   Skills:
 * Level 4.7 Fighting
 + Level 4.1 Axes
 + Level 3.1 Armour
 + Level 2.8 Dodging


You had 2 spell levels left.
You didn't know any spells.
Your spell library was empty.

Dungeon Overview and Level Annotations

Branches:
Dungeon (3/15)

Altars:
Ashenzari

Annotations:
D:3 Ijyb, Robin


Innate Abilities, Weirdness & Mutations

You have a pair of horns on your head.
You reflexively headbutt those who attack you in melee.


Message History

Found 9 gold pieces.
There is a stone staircase leading up here.
You now have 44 gold pieces (gained 9).
A hobgoblin comes into view.
Found a ring mail.
A hobgoblin comes into view.
Robin, a hobgoblin, Ijyb and a goblin come into view.
Robin is wielding a +2 dagger of venom.
Ijyb is wielding a +0 dagger and carrying a wand of mindburst.
Robin shouts!
Ijyb shouts!
The goblin shouts!
The hobgoblin shouts! x2
You hear a shout!
A goblin comes into view. It is wielding a +0 dagger. x2
Robin throws Ijyb at you!
You barely miss Ijyb.
The goblin shouts!
Your headbutt misses Ijyb. Ijyb hits you but does no damage.
Robin throws the goblin at you! The goblin barely misses you.
You miss Ijyb. You headbutt Ijyb!
Ijyb is moderately wounded.
You hit the hobgoblin. You hit the goblin but do no damage.
Robin says, "Bow before me, strongest of all the hobgoblins!"
Ijyb hits you but does no damage. The goblin closely misses you.
You closely miss the hobgoblin.
The hobgoblin is almost dead.
You hit Ijyb but do no damage. You hit the hobgoblin. You hit the goblin.
You kill the goblin!
Trog accepts your kill.
The hobgoblin hits you. x2; Ijyb zaps a wand.
Your mind is blasted!
Ouch! That really hurt!
* * * LOW HITPOINT WARNING * * *
Robin throws the goblin at you!
* * * LOW HITPOINT WARNING * * *
You are too injured to fight recklessly!
Your skin crawls.
You feel strong-willed. The hobgoblin barely misses you.
You furiously retaliate!
You headbutt the hobgoblin!
You kill the hobgoblin!
Trog accepts your kill. The hobgoblin closely misses you.
The hobgoblin hits you.
You die...

.....##.........
....................
...........<........
....................
...g...#............
....................
.......#.##...##+###
#...g.g##...#
##..gg@.#....#
.......)g#....#
..............#
..#...........#
..............#
..............#
#.#..###......#
..#.. #......# #.
#.......


You could see Ijyb, Robin, 2 hobgoblins and 2 goblins.

Vanquished Creatures
  2 adders (D:2)
  A dart slug (D:2)
  A ribbon worm (D:2)
  3 endoplasms (D:1)
  6 goblins
  5 hobgoblins
  2 quokkas
  7 ball pythons
  2 bats (D:2)
  3 frilled lizards
  6 kobolds
  9 rats
47 creatures vanquished.

Notes
Turn   | Place    | Note
-------+----------+-------------------------------------------
     0 | D:1      | javelincjr the Minotaur Berserker began the quest for the
                  | Orb.
     0 | D:1      | Reached XP level 1. HP: 19/19 MP: 0/0
   120 | D:1      | Reached XP level 2. HP: 27/27 MP: 1/1
   509 | D:1      | Reached ** piety under Trog
   699 | D:2      | Reached XP level 3. HP: 33/33 MP: 2/2
   925 | D:2      | Found a broken altar of Ashenzari.
  1542 | D:3      | Noticed Robin
  1542 | D:3      | Noticed Ijyb
  1546 | D:3      | HP: 1/34 [Robin/goblin (3)]
  1547 | D:3      | Slain by a hobgoblin

Illustrated notes

Levels and vault maps discovered:
D:1:      minmay_arrival_checkered_box, layout_basic
D:2:      layout_loops_ring, basic_altar, st_stairs_3, lightli_corner_chamber
D:3:      layout_basic, lemuel_round_altar, minivault_25, nicolae_goblin_pals,
          uniq_grinder

Skill      XL: |  1  2  3 |
---------------+----------+-----
Fighting       | 4 |  4.7
Axes           | 4 |  4.1
Armour         | 3 |  3.1
Dodging        | |  2.8

Action                     || total
---------------------------++-------
  Melee: Hand axe          ||    93
         Headbutt          ||     7
 Invoke: Trog's Hand       ||     1
 Armour: Animal skin       ||    56
  Dodge: Dodged            ||    73

Table legend: (Time is in decaauts)
 A = Elapsed time spent in this place.
 B = Non-inter-level travel time spent in this place.
 C = Inter-level travel time spent in this place.
 D = Time resting spent in this place.
 E = Time spent auto-exploring this place.
 F = Levels seen in this place.
 G = Mean time per level.
                   A        B        C        D        E       F      G
               +--------+--------+--------+--------+--------+-----+--------+
         Total |   1556 |   1476 |     80 |      0 |   1236 |   3 |  518.7 |
       Dungeon |   1556 |   1476 |     80 |      0 |   1236 |   3 |  518.7 |
               +--------+--------+--------+--------+--------+-----+--------+

Top non-repeatable levels by time:
     D:2: 885 daAuts
     D:1: 655 daAuts
     D:3: 16 daAuts
